 Dungeon Crawl Stone Soup version 0.32-a0-893-gf85d74f360 (webtiles) character file.

Game seed: 11564443601605344557

2988 nel the Firebug (level 9, -11/62 HPs)
             Began as a Demigod Fire Elementalist on Apr 3, 2024.
             Mangled by Grum
             ... wielding a -2 spear
              (20 damage)
             ... on level 8 of the Dungeon on Apr 4, 2024.
             The game lasted 00:28:40 (7804 turns).

nel the Firebug (Demigod Fire Elementalist)         Turns: 7804, Time: 00:28:41

Health: -11/62     AC:  4    Str:  9    XL:     9   Next: 28%
Magic:  1/15       EV: 13    Int: 29    God:
Gold:   351        SH:  0    Dex: 14    Spells: 9/12 levels left

rFire   . . .        b - +2 short sword (vamp)
rCold   . . .        (no shield)
rNeg    . . .        t - +0 leather armour
rPois   .            y - +0 helmet
rElec   .            D - scarf {repulsion}
rCorr   .            (no gloves)
SInv    .            (no boots)
Will    .....        (no amulet)
Stlth   ++           (no ring)
HPRegen 0.30/turn    (no ring)
MPRegen 0.14/turn

%: repel missiles
@: no status effects
A: high MP 1, forlorn, divine attributes
a: no special abilities


You were on level 8 of the Dungeon.
You visited 2 branches of the dungeon, and saw 9 of its levels.

You collected 351 gold pieces.

Inventory:

Hand Weapons
 b - a +2 vampiric short sword (weapon)
 d - a +0 short sword of holy wrath
 q - a +0 falchion
 H - a +2 whip of flaming
 I - a +0 long sword
Missiles
 l - 2 boomerangs
 w - 7 poisoned darts (quivered)
Armour
 a - a +0 robe
 n - a +0 scale mail of willpower
 t - a +0 leather armour (worn)
 y - a +0 helmet (worn)
 D - a scarf of repulsion (worn)
Jewellery
 c - a +4 ring of slaying
Wands
 A - a wand of flame (31)
 B - a wand of digging (8)
Scrolls
 e - 2 scrolls of teleportation {unknown}
 f - 4 scrolls of poison {unknown}
 j - a scroll of enchant armour {unknown}
 k - 2 scrolls of fear {unknown}
 p - 2 scrolls of amnesia {unknown}
 r - a scroll of butterflies {unknown}
 s - a scroll of fog {unknown}
 u - 4 scrolls of identify
 z - a scroll of silence {unknown}
 E - a scroll of noise {unknown}
 G - a scroll of immolation {unknown}
Potions
 g - 2 potions of degeneration
 h - a potion of enlightenment
 i - 3 potions of curing
 m - a potion of mutation
 o - a potion of might {unknown}
 v - a potion of lignification
 x - a potion of invisibility {unknown}
 C - 2 potions of heal wounds {unknown}
 F - a potion of berserk rage {unknown}


   Skills:
 + Level 1.1 Long Blades
 + Level 6.1 Dodging
 - Level 2.0 Stealth
 - Level 2.0 Spellcasting
 + Level 7.4 Conjurations
 + Level 7.9 Fire Magic


You had 9 spell levels left.
You knew the following spells:

 Your Spells              Type           Power      Damage    Failure   Level
a - Foxfire               Conj/Fire      100%       2x1d9     1%          1
b - Scorch                Fire           98%        2d9       1%          2

Your spell library contained the following spells:

 Spells                   Type           Power      Damage    Failure   Level
 Sting                    Conj/Alch      96%        1d9       2%          1
 Momentum Strike          Conj/Tloc      48%        3d9       4%          2
 Flame Wave               Conj/Fire      47%        2d12      4%          4
 Inner Flame              Hex/Fire       26%        N/A       7%          3
 Volatile Blastmotes      Fire/Tloc      52%        2d14      7%          3
 Dazzling Flash           Conj/Hex       48%        N/A       8%          3
 Mephitic Cloud           Conj/Alch/Air  17%        N/A       13%         3
 Blink                    Tloc           4%         N/A       19%         2
 Lesser Beckoning         Tloc           4%         N/A       19%         2
 Mercury Vapours          Alch/Air       4%         N/A       19%         2
 Passwall                 Erth           2%         N/A       34%         3
 Olgreb's Toxic Radiance  Alch           2%         N/A       75%         4
 Vhi's Electric Charge    Tloc/Air       4%         N/A       75%         4
 Curse of Agony           Necr           2%         N/A       97%         5
 Silence                  Hex/Air        1%         N/A       97%         5
 Bombard                  Conj/Erth      12%        9d3       99%         6


Dungeon Overview and Level Annotations

Branches:
Dungeon (8/15)             Temple (1/1) D:4
   Lair: D:8-11

Shops:
D:7 *

Annotations:
D:8 Grum


Innate Abilities, Weirdness & Mutations

You have an increased reservoir of magic. (+10% MP)
You shall have no god before yourself.
Your divine heritage dramatically boosts your attributes as you level up.


Message History

The foxfire hits Grum.
Grum is lightly wounded.
Grum attacks as he pursues you!
Grum hits you from afar with a -2 spear!
Casting: Foxfire (safe; 1% risk of failure)
Confirm with . or Enter, or press ? or * to list all spells.
You conjure some foxfire!
Grum hits you from afar with a -2 spear.
Your foxfire dissipates!
Casting: Foxfire (safe; 1% risk of failure)
Confirm with . or Enter, or press ? or * to list all spells.
Flames lash Grum.
Grum is lightly wounded.
Grum's fire resistance burns away.
The foxfire hits Grum but does no damage.
Grum is lightly wounded.
The foxfire hits Grum!
Grum is burned terribly!
Grum is moderately wounded.
Grum hits you from afar with a -2 spear!
Casting: Scorch (safe; 1% risk of failure)
Confirm with . or Enter, or press ? or * to list all spells.
Flames lash Grum.
Grum is burned terribly!
Grum is severely wounded.
Grum closely misses you.
Casting: Scorch (safe; 1% risk of failure)
Confirm with . or Enter, or press ? or * to list all spells.
Flames lash Grum.
Grum is burned terribly!
Grum is almost dead.
Grum barely misses you.
Casting: Scorch (safe; 1% risk of failure)
Confirm with . or Enter, or press ? or * to list all spells.
Flames lash the wolf.
The wolf howls!
The wolf is lightly wounded.
The wolf's fire resistance burns away.
Grum hits you from afar with a -2 spear!!
* * * LOW HITPOINT WARNING * * *
Grum attacks as he pursues you!
Grum hits you from afar with a -2 spear!!
You die...

.###.......#.......##.###
....>..............##.#
####.......#.......##.#
#.......#.†.....##.#
#.......#.......##.#
###.########.#####.# #.#
##g## #.# #.#
#####...####.#
..........@.....#
######...###### ##.##
...# #.### #. #


You could see Grum (combustible).

Vanquished Creatures
  Pikel (D:7)
  Sigmund (D:3)
  Menkaure (D:6)
  An ice beast (D:7)
  An ogre (D:6)
  3 black bears
  2 wolves
  A centaur (D:5)
  2 lemures
  2 phantoms
  2 bullfrogs (D:7)
  A kobold brigand (D:7)
  4 scorpions
  4 wights (D:7)
  A howler monkey (D:6)
  3 hounds
  A bombardier beetle (D:5)
  A jelly (D:4)
  4 orc priests
  5 iguanas
  Terence (D:2)
  3 orc wizards
  7 adders
  7 gnolls
  2 white imps
  3 dart slugs
  15 orcs
  5 endoplasms
  3 giant cockroaches
  5 hobgoblins
  10 jackals
  14 kobolds
  3 quokkas
  4 ball pythons
  3 bats
  4 frilled lizards
  3 goblins
  5 rats
138 creatures vanquished.

Vanquished Creatures (others)
  307 foxfires
307 creatures vanquished.

Grand Total: 445 creatures vanquished

Notes
Turn   | Place    | Note
-------+----------+-------------------------------------------
     0 | D:1      | nel the Demigod Fire Elementalist began the quest for the
                  | Orb.
     0 | D:1      | Reached XP level 1. HP: 14/14 MP: 5/5
    93 | D:1      | Reached skill level 1 in Conjurations
   268 | D:1      | Reached XP level 2. HP: 19/20 MP: 4/7
  1282 | D:2      | Reached XP level 3. HP: 15/26 MP: 3/8
  1285 | D:2      | Learned a level 2 spell: Scorch
  1499 | D:2      | Noticed Terence
  1505 | D:2      | Killed Terence
  1835 | D:2      | Reached XP level 4. HP: 20/33 MP: 2/9
  2537 | D:3      | Noticed Sigmund
  3219 | D:3      | Killed Sigmund
  3220 | D:3      | Reached XP level 5. HP: 10/38 MP: 3/10
  3541 | D:4      | Reached XP level 6. HP: 45/45 MP: 4/11
  3866 | D:4      | Found a staircase to the Ecumenical Temple.
  3889 | Temple   | Entered the Ecumenical Temple
  4185 | D:5      | Entered Level 5 of the Dungeon
  4359 | D:5      | Reached XP level 7. HP: 50/50 MP: 7/13
  4413 | D:5      | Reached skill level 5 in Fire Magic
  4762 | D:4      | Reached skill level 5 in Conjurations
  5345 | D:6      | Reached XP level 8. HP: 57/57 MP: 9/14
  5523 | D:6      | Noticed Menkaure
  5534 | D:6      | Killed Menkaure
  5535 | D:6      | Reached skill level 5 in Dodging
  6061 | D:7      | Noticed Pikel
  6068 | D:7      | Killed Pikel
  6359 | D:7      | Reached XP level 9. HP: 9/58 MP: 0/15
  7130 | D:7      | Found Syfej Corrox's Gadget Gallery.
  7605 | D:8      | Noticed Grum
  7795 | D:8      | Reached skill level 1 in Long Blades
  7804 | D:8      | Mangled by Grum

Illustrated notes

Levels and vault maps discovered:
D:1:      dpeg_arrival_simpleton_a, layout_basic
D:2:      layout_basic, uniq_terence
D:3:      layout_loops_ring, kennysheep_generic_room_7, uniq_sigmund
D:4:      layout_rooms, minmay_temple_entry_large_hall
D:5:      layout_basic, nicolae_gozag_seed_capital
D:6:      layout_rooms, uniq_menkaure
D:7:      layout_basic, nicolae_shop_gadgets, uniq_pikel
D:8:      layout_loops_ring, nicolae_diode_quadrants, uniq_grum, uniq_joseph
Temple:   grunt_wide_crystal_templ

Skill      XL: |  1  2  3  4  5  6  7  8  9 |
---------------+----------------------------+-----
Conjurations   | 1 2 3 4 5 6 7 |  7.4
Stealth        | 2 |  2.0
Dodging        | 2 3 4 5 6 |  6.1
Spellcasting   | 2 |  2.0
Fire Magic     | 3 4 6 7 |  7.9
Long Blades    | 1 |  1.1

Action                     |  1- 3 |  4- 6 |  7- 9 || total
---------------------------+-------+-------+-------++-------
  Melee: Unarmed           |     5 |       |       ||     5
         Short sword       |    48 |    35 |    28 ||   111
         Whip              |       |       |     7 ||     7
  Throw: Dart              |       |       |     2 ||     2
   Cast: Foxfire           |    49 |    49 |    80 ||   178
         Scorch            |     3 |    29 |    68 ||   100
  Evoke: Wand              |       |       |     2 ||     2
    Use: Scroll            |       |     3 |     1 ||     4
         Potion            |       |       |     2 ||     2
   Stab: Sleeping          |       |       |     1 ||     1
 Armour: Robe              |    48 |    21 |       ||    69
         Leather armour    |       |    20 |    73 ||    93
         Skin              |       |       |     7 ||     7
  Dodge: Dodged            |    44 |    36 |    72 ||   152
         Repelled          |       |       |     6 ||     6

Table legend: (Time is in decaauts)
 A = Elapsed time spent in this place.
 B = Non-inter-level travel time spent in this place.
 C = Inter-level travel time spent in this place.
 D = Time resting spent in this place.
 E = Time spent auto-exploring this place.
 F = Levels seen in this place.
 G = Mean time per level.
                   A        B        C        D        E       F      G
               +--------+--------+--------+--------+--------+-----+--------+
         Total |   7807 |   7489 |    318 |    640 |   5578 |   9 |  867.4 |
       Dungeon |   7805 |   7487 |    318 |    640 |   5578 |   8 |  975.6 |
        Temple |      1 |      1 |      0 |      0 |      0 |   1 |    1.0 |
               +--------+--------+--------+--------+--------+-----+--------+

Top non-repeatable levels by time:
     D:7: 1720 daAuts
     D:3: 1281 daAuts
     D:1: 1230 daAuts
     D:2: 1077 daAuts
     D:5: 877 daAuts
     D:6: 810 daAuts
     D:4: 733 daAuts
     D:8: 74 daAuts
  Temple: 1 daAuts
